 Dungeon Crawl Stone Soup version 0.19-a0-58-gbb97db9 (webtiles) character file.

8414 Brrr the Thaumaturge (level 11, -4/67 HPs)
             Began as a Gargoyle Earth Elementalist on May 9, 2016.
             Was a Believer of Vehumet.
             Slain by a wraith (6 damage)
             ... led by Josephine
             ... on level 10 of the Dungeon.
             The game lasted 00:43:54 (14243 turns).

Brrr the Thaumaturge (Gargoyle Earth Elementalist) Turns: 14243, Time: 00:43:54

Health: -4/67      AC: 12    Str: 12    XL:     11   Next: 30%
Magic:  14/24      EV: 13    Int: 19    God:    Vehumet [**....]
Gold:   466        SH:  0    Dex: 10    Spells: 5 memorised, 15 levels left

rFire  + . .     SeeInvis .     N - +1 flail (freeze)
rCold  . . .     Gourm    .     a - +0 robe
rNeg   + . .     Faith    .     (no shield)
rPois  ∞         Spirit   .     y - +0 helmet
rElec  +         Dismiss  .     (no cloak)
rCorr  .         Reflect  .     (no gloves)
SustAt .         Harm     .     n - +0 pair of boots
MR     +....                    (no amulet)
Stlth  ++........               k - ring of protection from fire
                                w - ring of protection from magic

@: slowed, very slow, somewhat resistant to hostile enchantments, unstealthy
A: negative energy resistance 1, electricity resistance, unbreathing,
petrification resistance, rot immunity, AC +7
a: Renounce Religion


You were on level 10 of the Dungeon.
You worshipped Vehumet.
Vehumet was pleased with you.
You were not hungry.

You visited 2 branches of the dungeon, and saw 11 of its levels.

You collected 466 gold pieces.

Inventory:

Hand Weapons
 g - a +0 hand axe of electrocution
 h - a +3 short sword of venom
 t - a +3 whip
 M - a +2 whip of freezing
 N - a +1 flail of freezing (weapon)
Missiles
 b - 227 stones (quivered)
Armour
 a - a +0 robe (worn)
 j - a +0 pair of gloves
 n - a +0 pair of boots (worn)
 y - a +0 helmet (worn)
Magical Staves
 i - an uncursed staff of poison {unknown}
Jewellery
 k - a ring of protection from fire (right hand)
 r - an uncursed ring of see invisible
 w - a ring of protection from magic (left hand)
 x - an uncursed ring of ice {unknown}
 F - an uncursed ring of fire
 H - an uncursed ring of fire
Wands
 s - a wand of random effects (23/48)
 B - a wand of polymorph (15/24)
 E - a wand of lightning (0/15)
 L - a wand of lightning (0/15)
 O - a wand of iceblast (11/15)
Scrolls
 l - 3 scrolls of remove curse
 o - 2 scrolls of magic mapping
 C - 3 scrolls of enchant weapon
 J - a scroll of fear
Potions
 e - 2 potions of brilliance
 m - a potion of ambrosia
 p - a potion of agility {unknown}
 u - 2 potions of cure mutation
 v - a potion of resistance
 z - a potion of might {unknown}
 A - a potion of curing
 D - a potion of haste {unknown}
 G - a potion of flight {unknown}
 I - a potion of mutation {unknown}
Books
 c - a book of Geomancy

   Spells                             Type                      Level
   a - Sandblast                      Earth                        1
   b - Passwall                       Transmutation/Earth          2
   c - Stone Arrow                    Conjuration/Earth            3
   d - Petrify                        Transmutation/Earth          4
   e - Lee's Rapid Deconstruction     Earth                        5
Comestibles
 d - 9 bread rations
 f - 6 meat rations
 K - 10 fruits


   Skills:
 + Level 7.1 Fighting
 + Level 4.4 Maces & Flails
 - Level 5.0 Armour
 + Level 3.9 Dodging
 - Level 2.1 Stealth
 * Level 9.5 Spellcasting
 + Level 7.2 Conjurations
 - Level 0.7 Transmutations
 * Level 4.7 Fire Magic
 + Level 9.1 Earth Magic


You had 15 spell levels left.
You knew the following spells:

 Your Spells              Type           Power        Failure   Level  Hunger
a - Sandblast             Erth           #####.       1%          1    None
b - Stone Arrow           Conj/Erth      #####.       1%          3    None
c - Petrify               Trmt/Erth      ####....     12%         4    ###....
d - Lee's Rapid Deconstr  Erth           #####.....   6%          5    #####..
e - Flame Tongue          Conj/Fire      ####.        1%          1    None


Dungeon Overview and Level Annotations

Branches:
Dungeon (10/15)            Temple (1/1) D:5
   Lair: D:8-11         Orc: D:9-12

Altars:
Ashenzari
Cheibriados
Dithmenos
Elyvilon
Fedhas
Gozag
Kikubaaqudgha
Makhleb
Nemelex Xobeh
Okawaru
Pakellas
Qazlal
Ru
Sif Muna
Trog
Vehumet
Xom
Yredelemnul
Zin
The Shining One

Shops:
D:5 *   D:10 }


Innate Abilities, Weirdness & Mutations

You are resistant to torment.
Your stone body is resilient (AC +7).
You are immune to poison.
You resist negative energy.
You are resistant to electric shocks.
You can survive without breathing.
You are immune to petrification.
You are immune to rotting.


Message History

The wraith hits you but does no damage.
Unknown command.
Read which item? (? for menu, Esc to quit)
As you read the scroll of fear, it crumbles to dust.
You assume a fearsome visage.
The wraith is unaffected. x4
The hound skeleton is unaffected.
The wraith barely misses you.
The wraith misses you. x2; The wraith closely misses you.
The wraith hits you!
* * * LOW HITPOINT WARNING * * *
Unknown command.
The hound skeleton closely misses you.
The wraith hits you but does no damage. x2
The hound skeleton barely misses you.
The hound skeleton bites you but does no damage.
The wraith's inner flame fades away.
The hound skeleton's inner flame fades away.
The wraith hits you.
* * * LOW HITPOINT WARNING * * *
The wraith drains your vigour!
You feel as though you will be slow longer.
The wraith hits you.
You die...

.....#
#.)......#
... ......#
#...)....#
...
#........#
....
#........#
.....
#........#
.....
#W....####
.....
#.Z...#
.....
#WW...#
.....
#@W...#
..###
#........
.......W.
..........
#####.#####
.# .# .#


You could see a phantom (wandering), 4 wraiths and a hound skeleton.

Vanquished Creatures
  Josephine (D:10)
  Erica (D:9)
  Pikel (D:9)
  2 trolls
  A two-headed ogre (D:10)
  8 yaks
  Menkaure (D:4)
  Duvessa (D:4)
  3 ice beasts
  A slave (D:9)
  3 phantoms
  4 killer bees (D:9)
  A black bear (D:8)
  A necrophage (D:8)
  4 ogres
  5 centaurs
  A big kobold (D:10)
  5 giant frogs
  A gnoll sergeant (D:7)
  A water moccasin zombie (D:9)
  Dowan (D:4)
  6 scorpions
  4 wights (D:10)
  5 electric eels (D:7)
  2 howler monkeys
  5 crimson imps
  A quasit (D:9)
  3 giant frog zombies
  3 hounds
  4 orc priests
  3 jellies
  A giant frog skeleton (D:6)
  Terence (D:3)
  An iguana (D:5)
  6 orc wizards
  4 worker ants
  13 adders
  12 gnolls
  A shadow imp (D:10)
  An adder skeleton (D:9)
  2 adder zombies
  8 worms
  11 dart slugs
  7 giant geckos
  28 orcs
  3 ball pythons
  5 bats
  9 giant cockroaches
  8 goblins
  6 hobgoblins
  4 jackals (D:1)
  11 kobolds
  7 quokkas
  A giant gecko skeleton (D:7)
  5 giant newts
  A quokka skeleton (D:8)
  6 rats
245 creatures vanquished.

Vanquished Creatures (others)
  An orc warrior (D:6)
  3 slaves (D:9)
  A black bear (D:6)
  A centaur (D:6)
  2 orcs
  A quokka (D:4)
9 creatures vanquished.

Grand Total: 254 creatures vanquished

Notes
Turn   | Place    | Note
--------------------------------------------------------------
     0 | D:1      | Brrr the Gargoyle Earth Elementalist began the quest for the Orb.
     0 | D:1      | Reached XP level 1. HP: 10/10 MP: 3/3
   313 | D:1      | Reached XP level 2. HP: 11/15 MP: 5/5
  1287 | D:2      | Reached XP level 3. HP: 9/19 MP: 7/7
  1904 | D:2      | Reached XP level 4. HP: 21/24 MP: 7/9
  2139 | D:2      | HP: 1/24 [giant gecko (1)]
  2142 | D:2      | Reached XP level 5. HP: 2/34 MP: 9/14
  2492 | D:1      | Learned a level 3 spell: Stone Arrow
  2497 | D:1      | Learned a level 4 spell: Petrify
  3527 | D:3      | Noticed Terence
  3535 | D:3      | Killed Terence
  3535 | D:3      | Reached XP level 6. HP: 40/40 MP: 6/16
  3914 | D:3      | Reached skill level 5 in Conjurations
  4441 | D:4      | Reached skill level 1 in Armour
  4893 | D:4      | Reached XP level 7. HP: 42/44 MP: 17/17
  4909 | D:4      | Noticed Menkaure
  4917 | D:4      | Killed Menkaure
  4917 | D:4      | Reached skill level 5 in Fighting
  4917 | D:4      | Reached skill level 1 in Maces & Flails
  5129 | D:4      | Noticed Duvessa
  5151 | D:4      | Killed Duvessa
  5151 | D:4      | Reached XP level 8. HP: 37/49 MP: 2/19
  5156 | D:4      | Noticed Dowan
  5334 | D:4      | Found a white marble altar of Elyvilon.
  5435 | D:4      | Killed Dowan
  5481 | D:5      | Entered Level 5 of the Dungeon
  5532 | D:5      | Found a sparkling altar of Nemelex Xobeh.
  5627 | D:5      | Found a staircase to the Ecumenical Temple.
  5689 | Temple   | Entered the Ecumenical Temple
  6028 | D:5      | Found Bizumyhi's Assorted Antiques.
  6146 | D:5      | Found a blossoming altar of Fedhas.
  6189 | D:5      | Found a burning altar of Makhleb.
  6485 | D:5      | Found a glowing silver altar of Zin.
  6605 | D:5      | Found a snail-covered altar of Cheibriados.
  6995 | D:6      | Found a shimmering altar of Xom.
  7007 | D:6      | Found an oddly glowing altar of Pakellas.
  7496 | D:6      | Reached XP level 9. HP: 54/54 MP: 16/20
  8063 | D:7      | Learned a level 5 spell: Lee's Rapid Deconstruction
  9087 | D:7      | Found a radiant altar of Vehumet.
  9099 | D:7      | Became a worshipper of Vehumet
 10116 | D:8      | Noticed a troll
 10126 | D:8      | Killed a troll
 10705 | D:8      | Reached XP level 10. HP: 60/60 MP: 22/22
 10931 | D:8      | Found a blossoming altar of Fedhas.
 11436 | D:9      | Reached * piety under Vehumet
 11436 | D:9      | Offered knowledge of Magic Dart by Vehumet.
 11767 | D:9      | Noticed Pikel
 11774 | D:9      | Killed Pikel
 12458 | D:9      | Noticed Erica
 12466 | D:9      | Killed Erica
 13181 | D:10     | Entered Level 10 of the Dungeon
 13217 | D:10     | Reached XP level 11. HP: 66/66 MP: 16/24
 13455 | D:10     | Reached skill level 5 in Armour
 13759 | D:10     | Found Unaowao's Gadget Shoppe.
 13804 | D:10     | Reached ** piety under Vehumet
 13805 | D:10     | Offered knowledge of Flame Tongue by Vehumet.
 13808 | D:10     | Learned a level 1 spell: Flame Tongue
 14211 | D:10     | Noticed Josephine
 14219 | D:10     | Killed Josephine
 14242 | D:10     | HP: 2/67 [wraith[Josephine] (5)]
 14243 | D:10     | Slain by a wraith

Vault maps used:
D:1:      minmay_arrival_radiant_lines, columned_hall_lemuel
D:3:      minmay_door_path, first_bread, uniq_terence
D:4:      elyvilon_altar_4, st_stairs_12, uniq_menkaure, uniq_duvessa
D:5:      nicolae_overflow_quartered_altars, kennysheep_mini,
          minmay_temple_entry_purple_smoke, serial_shops, shop
D:6:      xom_confusion_cloud, grunt_pakellas_basics
D:7:      kennysheep_slugbush, nicolae_overflow_crystal_walls
D:8:      hangedman_tree_tricks
D:9:      uniq_pikel, uniq_erica
D:10:     serial_shops, shop, minmay_misc_feat_more_columns, uniq_gastronok,
          uniq_josephine
Temple:   eino_temple_water_12

Skill      XL: |  1  2  3  4  5  6  7  8  9 10 11 |
---------------+----------------------------------+-----
Earth Magic    | 4 7 8 9 |  9.1
Spellcasting   | 3 7 8 9 |  9.5
Fighting       | 4 5 6 7 |  7.1
Conjurations   | 4 5 6 7 |  7.2
Fire Magic     | 4 |  4.7
Armour         | 1 2 3 4 5 |  5.0
Maces & Flails | 1 2 3 4 |  4.4
Dodging        | 2 3 |  3.9
Stealth        | |  2.1
Transmutations | |  0.7

Action                   |  1- 3 |  4- 6 |  7- 9 | 10-12 || total
-------------------------+-------+-------+-------+-------++-------
Melee: Short sword       |    84 |   134 |   296 |   151 ||   665
 Cast: Sandblast         |     7 |     8 |     2 |       ||    17
       Stone Arrow       |       |    14 |    66 |    70 ||   150
       Lee's Rapid Decon |       |       |     5 |       ||     5
       Petrify           |       |       |     1 |       ||     1
Evoke: Wand              |       |       |       |    11 ||    11
  Use: Scroll            |     6 |     5 |     7 |     2 ||    20
       Potion            |       |     1 |     1 |     2 ||     4
 Stab: Sleeping          |     3 |     3 |     5 |     1 ||    12
       Confused          |       |       |     1 |       ||     1
  Eat: Chunk             |     3 |     6 |    18 |     8 ||    35
       Bread ration      |       |     1 |       |       ||     1
       Fruit             |       |       |     1 |     5 ||     6
       Beef jerky        |       |       |     1 |       ||     1
Armor: Robe              |    35 |    44 |   155 |   106 ||   340
Dodge: Dodged            |    50 |   103 |   193 |   184 ||   530
